Map: [ESL] Moondance

Players

Rattata (Vanya)

  • Race: Zerg Zerg
  • Spawn Location: 6:00

maru - Winner!

  • Race: Terran Terran
  • Spawn Location: 12:00

Event: TSL 9

VOD

Have the link to the VOD?

Description

Time

  • Played on: July 30, 2022, 9:54 a.m.
  • Length: 6:42

All games in this series

Show
View Real Time Build Order
Export as new Build Order

Rattata Zerg 

Build Orders: Hatch First 

Get SALT Encoding   

  12  0:00  Drone  
  13  0:12  Overlord  
  13  0:16  Drone  
  14  0:31  Drone x2  
  16  0:47  Hatchery  
  15  0:51  Drone  
  15  0:54  Drone  
  15  0:57  Drone  
  18  1:08  Extractor  
  17  1:12  Spawning Pool  
  17  1:15  Drone  
  17  1:18  Drone  
  18  1:28  Drone  
  19  1:39  Drone  
  20  1:49  Drone  
  21  1:59  Queen x2  
  21  2:00  Zergling x4  
  27  2:11  Overlord  
  27  2:12  Drone  
  28  2:22  Hatchery  
  27  2:24  Drone  
  28  2:30  Drone  
  28  2:32  Drone x2  
  31  2:39  Queen  
  31  2:44  Overlord  
  33  2:46  Drone  
  33  2:50  Metabolic Boost  
  34  2:53  Drone  
  34  2:56  Drone  
  36  3:05  Queen  
  36  3:07  Drone x2  
  36  3:10  Overlord  
  36  3:12  Drone  
  41  3:13  Drone  
  41  3:19  Queen  
  44  3:28  Drone  
  44  3:29  Drone  
  44  3:30  Drone  
  47  3:37  Queen  
  47  3:39  Overlord  
  47  3:40  Drone  
  47  3:41  Drone x3  
  53  3:48  Zergling x4  
  53  3:49  Zergling x2  
  53  3:51  Drone, Overlord  
  57  4:01  Drone x3, Roach Warren  
  58  4:03  Drone  
  59  4:10  Overlord  
  59  4:12  Zergling x4  
  59  4:15  Lair  
  61  4:20  Zergling x4  
  61  4:21  Extractor  
  61  4:22  Extractor, Overlord  
  61  4:24  Drone x2  
  63  4:32  Overlord  
  63  4:38  Spore Crawler  
  58  4:39  Drone  
  58  4:40  Drone x5  
  60  4:45  Zergling x2  
  60  4:50  Zergling x12  
  63  4:56  Evolution Chamber  
  63  4:59  Zergling x4  
  62  5:00  Zergling x2  
  62  5:05  Drone  
  59  5:07  Drone x2  
  59  5:12  Drone x3  
  63  5:16  Drone  
  64  5:22  Spore Crawler x2  
  64  5:25  Spore Crawler  
  64  5:26  Drone  
  62  5:35  Drone x5  
  67  5:38  Drone  
  67  5:39  Drone  
  64  5:43  Drone  
  64  5:44  Drone x2  
  65  5:51  Spire  
  65  5:53  Drone, Extractor  
  65  5:56  Drone  
  63  5:57  Drone  
Show
View Real Time Build Order
Export as new Build Order

maru Terran - Winner!

Build Orders:  

Get SALT Encoding   

  12  0:00  SCV  
  13  0:12  SCV  
  14  0:18  Supply Depot  
  14  0:24  SCV  
  15  0:40  SCV  
  15  0:42  Barracks  
  16  0:43  Refinery  
  16  0:52  SCV  
  17  1:04  SCV  
  18  1:16  SCV  
  19  1:29  Orbital Command, Marine  
  20  1:40  Command Center  
  20  1:52  Factory  
  20  1:55  SCV  
  21  2:02  Barracks Reactor  
  21  2:05  Refinery  
  21  2:07  SCV  
  22  2:11  Supply Depot  
  22  2:19  SCV  
  23  2:32  SCV  
  23  2:36  Hellion  
  26  2:38  Starport  
  26  2:39  Marine x2  
  28  2:44  SCV  
  29  2:52  Orbital Command  
  29  2:56  SCV  
  30  3:00  Marine x2  
  30  3:03  Hellion  
  34  3:08  SCV  
  35  3:15  Medivac  
  35  3:17  Supply Depot  
  35  3:18  SCV  
  38  3:20  Marine  
  38  3:22  Marine  
  38  3:26  SCV  
  41  3:30  SCV  
  41  3:33  Fusion Core  
  42  3:38  SCV  
  43  3:42  SCV  
  44  3:50  SCV  
  44  3:51  Supply Depot  
  44  3:53  Hellion  
  44  3:54  Hellion  
  50  3:55  SCV  
  50  3:58  Starport Tech Lab  
  50  4:02  SCV  
  51  4:07  SCV  
  51  4:08  Supply Depot  
  52  4:14  SCV  
  53  4:19  SCV  
  53  4:23  Battlecruiser  
  60  4:26  SCV  
  60  4:31  Supply Depot  
  61  4:32  SCV  
  61  4:38  SCV  
  61  4:44  SCV  
  61  4:51  SCV  
  61  4:52  Command Center  
  61  4:56  SCV  
  61  4:58  Factory Tech Lab  
  62  5:00  Marine x2  
  62  5:03  SCV  
  62  5:04  Refinery  
  62  5:05  Supply Depot, Refinery  
  62  5:08  SCV  
  59  5:15  SCV  
  59  5:16  Barracks  
  59  5:17  Barracks  
  59  5:18  Marine  
  59  5:20  SCV, Siege Tank  
  65  5:27  SCV  
  66  5:32  Supply Depot, SCV  
  67  5:36  Engineering Bay x2  
  67  5:39  SCV  
  68  5:44  SCV  
  75  5:51  SCV  
  75  5:56  SCV  
Tags
 
Event
TSL 9
Matchup
TvZ
Player
MaruVanya
Spawn Locations
Cross Positions
Add a new tag
Caveats
  • Supply blocks, unpowered buildings, or Contaminate may cause inaccurate times.
  • Supply counts are checked every 10 seconds.